Map: Orbital Shipyard

Players

capac - Winner!

  • Race: Terran Terran
  • League: Gold

Rocket

  • Race: Protoss Protoss
  • League: Gold

VOD

Have the link to the VOD?

Description

Time

  • Played on: March 3, 2016, 2:02 p.m.
  • Length: 15:53
Show
View Real Time Build Order
Export as new Build Order

capac Terran - Winner!

Build Orders: MMM Bio 

Get SALT Encoding   

  12  0:01  SCV  
  13  0:13  SCV  
  14  0:18  Supply Depot  
  14  0:25  SCV  
  15  0:40  SCV  
  15  0:42  Barracks  
  16  0:46  Refinery  
  16  0:52  SCV  
  17  1:04  SCV  
  18  1:16  SCV  
  19  1:28  SCV  
  19  1:32  Barracks Reactor  
  20  1:39  Command Center  
  20  1:40  SCV  
  21  1:47  Supply Depot  
  21  1:56  Orbital Command  
  21  2:19  Marine x2  
  23  2:23  SCV  
  24  2:31  Factory  
  24  2:34  Barracks  
  25  2:37  SCV  
  25  2:39  Marine x2  
  27  2:47  Refinery  
  27  2:51  Engineering Bay, SCV  
  28  3:00  Orbital Command  
  28  3:03  SCV  
  29  3:06  Marine  
  29  3:07  Marine  
  31  3:17  Starport  
  31  3:19  Factory Tech Lab  
  31  3:21  SCV  
  32  3:28  SCV  
  33  3:34  SCV  
  33  3:36  Barracks Tech Lab  
  33  3:39  Siege Tank  
  37  3:46  SCV  
  37  3:47  SCV  
  39  3:58  Supply Depot, SCV  
  39  3:59  Refinery, SCV  
  41  4:05  Marine x2  
  43  4:10  SCV  
  43  4:11  SCV  
  45  4:20  Marine  
  45  4:22  Marine, Siege Tank  
  45  4:23  SCV x2  
  52  4:24  Starport Reactor  
  52  4:33  Refinery  
  52  4:35  SCV x2  
  52  4:36  Missile Turret  
  53  4:47  SCV  
  53  4:48  Terran Infantry Weapons Level 1  
  53  4:50  Engineering Bay  
  54  4:58  Supply Depot  
  54  5:02  Supply Depot  
  54  5:15  Command Center  
  54  5:19  Marine x2, Medivac x2  
  54  5:20  SCV  
  61  5:24  Supply Depot  
  61  5:27  Marine  
  62  5:30  Stimpack  
  62  5:35  Siege Tank  
  65  5:37  Marine x2  
  67  5:45  Marine  
  68  5:54  Supply Depot  
  68  6:00  Liberator x2  
  68  6:11  Marine  
  68  6:12  Marine x2  
  77  6:20  SCV x2  
  77  6:22  Terran Infantry Armor Level 1  
  79  6:28  Armory  
  79  6:29  Marine  
  80  6:35  Marine x2  
  82  6:44  Barracks  
  82  6:45  Barracks  
  82  6:50  Liberator x2  
  82  7:06  Siege Tank  
  91  7:12  Marine  
  91  7:13  Marine x2  
  91  7:14  SCV x2  
  96  7:16  Orbital Command  
  96  7:35  Liberator x2, Barracks Reactor  
  96  7:36  Barracks Reactor  
  96  7:42  Starport  
  96  7:44  Barracks  
  96  7:45  SCV x2  
  96  7:48  Supply Depot  
  96  7:49  Marine x2  
  96  7:50  Marine  
  107  8:07  Marine x2  
  107  8:08  Missile Turret  
  109  8:13  Supply Depot  
  109  8:18  Marine x4  
  109  8:19  Marine  
  113  8:21  Combat Shields  
  113  8:23  Siege Tank  
  113  8:25  Starport Reactor  
  117  8:34  Barracks Reactor  
  117  8:38  Terran Infantry Weapons Level 2  
  117  8:41  Supply Depot  
  117  8:45  SCV x2  
  117  8:46  SCV  
  120  8:53  Refinery  
  120  8:55  Refinery  
  120  8:57  Siege Tank  
  120  9:01  SCV x3  
  126  9:06  Liberator  
  126  9:14  Missile Turret  
  126  9:15  Supply Depot  
  126  9:17  SCV x2  
  126  9:18  Marine x2, SCV  
  126  9:19  Marine x5, Liberator  
  126  9:20  Marine x2  
  141  9:36  Siege Tank  
  147  9:40  Supply Depot  
  147  9:41  Supply Depot  
  147  9:45  Marine x2  
  147  9:46  Marine x5  
  147  9:47  Marine x2  
  147  9:49  SCV  
  157  10:01  Terran Ship Weapons Level 1  
  157  10:02  Terran Infantry Armor Level 2, SCV x2  
  157  10:06  Marine  
  160  10:07  Marine x5  
  160  10:08  Marine x3  
  168  10:17  Medivac x2  
  172  10:23  Supply Depot x2  
  172  10:24  Medivac  
  174  10:29  Medivac  
  174  10:31  Marine x2  
  174  10:32  Marine x6  
  174  10:33  Marine  
  185  10:37  Liberator  
  185  10:42  Liberator  
  185  10:49  Marine x3  
  187  10:50  Marine x2  
  187  10:51  Medivac x2  
  197  11:03  Command Center  
  200  11:19  Starport  
  200  11:28  Missile Turret  
  200  12:12  Terran Infantry Weapons Level 3  
  200  12:13  Terran Ship Weapons Level 2  
  200  12:26  Terran Infantry Armor Level 3  
  167  13:12  Marine x3  
  143  13:20  Liberator x3  
  142  13:32  Marine x2  
  142  13:33  Marine x5  
  148  13:36  Siege Tank  
  158  13:55  Liberator  
  140  14:03  Liberator x2  
  140  14:13  Marine x4  
  140  14:14  Marine x3  
  156  14:39  Liberator  
  156  14:40  Liberator  
  156  14:44  Planetary Fortress  
  156  14:46  Marine x7  
  156  14:47  Marine  
  164  14:53  Starport Reactor, Fusion Core  
  159  15:34  Marine  
  159  15:35  Marine x3  
Show
View Real Time Build Order
Export as new Build Order

Rocket Protoss 

Build Orders: 1 Gate Expand 

Get SALT Encoding   

  12  0:01  Probe (Chrono Boost)  
  13  0:11  Probe (Chrono Boost)  
  14  0:18  Pylon  
  14  0:22  Probe (Chrono Boost)  
  15  0:36  Probe (Chrono Boost)  
  15  0:39  Gateway  
  16  0:47  Probe (Chrono Boost), Assimilator  
  17  0:57  Probe (Chrono Boost)  
  18  1:19  Nexus  
  18  1:24  Probe (Chrono Boost)  
  19  1:33  Cybernetics Core  
  19  1:37  Probe (Chrono Boost)  
  20  1:46  Pylon  
  20  1:52  Probe (Chrono Boost)  
  21  1:54  Assimilator  
  21  2:03  Probe (Chrono Boost)  
  21  2:04  Zealot (Chrono Boost)  
  24  2:10  Warp Gate (Chrono Boost)  
  24  2:18  Gateway  
  24  2:19  Probe  
  25  2:32  Probe  
  26  2:39  Stalker (Chrono Boost)  
  30  2:44  Mothership Core (Chrono Boost)  
  30  2:45  Probe (Chrono Boost)  
  31  2:52  Assimilator  
  31  2:57  Probe (Chrono Boost)  
  32  3:01  Assimilator  
  32  3:04  Probe (Chrono Boost)  
  33  3:12  Stalker  
  35  3:18  Forge  
  35  3:23  Gateway  
  35  3:29  Pylon  
  35  3:32  Probe (Chrono Boost)  
  35  3:33  Probe  
  37  3:42  Probe  
  37  3:45  Probe  
  39  3:53  Probe  
  40  3:57  Probe  
  40  3:58  Photon Cannon  
  41  4:04  Pylon  
  41  4:08  Probe  
  42  4:10  Probe  
  42  4:20  Protoss Ground Weapons Level 1 (Chrono Boost)  
  42  4:22  Probe  
  43  4:26  Stalker  
  43  4:30  Stalker  
  47  4:34  Probe  
  48  4:50  Adept x2  
  48  4:52  Probe  
  53  4:57  Twilight Council  
  53  4:58  Gateway  
  53  5:06  Probe  
  54  5:11  Gateway  
  54  5:13  Gateway  
  54  5:17  Pylon  
  54  5:26  Probe x2  
  56  5:30  Photon Cannon  
  56  5:38  Probe, Resonating Glaives  
  57  5:44  Templar Archives  
  57  5:50  Probe  
  57  5:52  Adept  
  60  6:08  Probe  
  60  6:14  Psionic Storm  
  60  6:17  Robotics Facility  
  60  6:20  Probe  
  60  6:24  Stalker x3  
  67  6:31  Photon Cannon  
  67  6:33  Probe  
  67  6:36  Probe  
  67  6:39  Pylon  
  69  6:41  Protoss Ground Weapons Level 2 (Chrono Boost)  
  69  6:45  Probe  
  70  6:50  Pylon  
  70  6:53  Pylon  
  70  6:55  Probe  
  70  6:59  Photon Cannon  
  71  7:02  Photon Cannon  
  71  7:06  High Templar x2  
  71  7:07  High Templar  
  77  7:11  Observer (Chrono Boost)  
  77  7:15  Pylon  
  78  7:20  Pylon  
  78  7:24  High Templar x3  
  84  7:30  Observer  
  84  7:34  Photon Cannon  
  84  7:36  Photon Cannon  
  85  7:42  Photon Cannon  
  85  7:52  Observer  
  85  7:54  Probe  
  87  8:00  Photon Cannon  
  87  8:02  Photon Cannon  
  87  8:07  Photon Cannon  
  87  8:10  Nexus  
  87  8:13  Observer  
  88  8:20  Probe  
  88  8:26  Forge  
  89  8:29  Forge  
  89  8:35  Observer  
  90  8:46  High Templar x2  
  90  8:47  High Templar x2  
  97  8:56  Probe, Observer  
  99  9:03  Robotics Bay  
  99  9:04  Protoss Ground Weapons Level 3 (Chrono Boost)  
  99  9:05  Protoss Ground Armor Level 1  
  99  9:10  Assimilator  
  99  9:12  Assimilator  
  99  9:13  Pylon  
  99  9:52  Photon Cannon  
  99  9:54  Colossus  
  99  9:55  Photon Cannon  
  99  9:57  Extended Thermal Lance (Chrono Boost)  
  105  10:05  Protoss Shields Level 1 (Chrono Boost)  
  105  10:11  Probe  
  105  10:12  Probe x2  
  108  10:24  Pylon  
  108  10:25  Photon Cannon  
  108  10:27  Photon Cannon, Pylon  
  108  10:28  Photon Cannon  
  108  10:29  Probe  
  108  10:32  Photon Cannon, Pylon  
  108  10:33  Probe  
  108  10:35  Probe, Pylon  
  111  10:38  High Templar x2  
  115  10:44  Probe  
  115  10:51  Pylon  
  115  10:59  Colossus  
  121  11:05  Robotics Facility  
  121  11:07  Robotics Facility  
  121  11:10  Blink  
  121  11:11  Probe  
  121  11:13  Probe x2  
  121  11:18  Gravitic Drive  
  124  11:23  Probe  
  124  11:25  Probe x2  
  127  11:33  Protoss Ground Armor Level 2 (Chrono Boost)  
  127  11:43  Probe  
  128  11:52  Gateway  
  128  11:55  Gateway  
  128  12:00  Gateway  
  128  12:08  Observer Gravitic Boosters  
  128  12:11  Colossus x2  
  128  12:18  Colossus  
  128  12:20  Stalker x2  
  128  12:21  Stalker x4, Pylon  
  158  12:26  Pylon  
  158  12:32  Pylon  
  158  12:44  Protoss Shields Level 2 (Chrono Boost)  
  75  13:21  Zealot x4  
  75  13:22  Colossus x2, Zealot x3  
  87  13:29  Colossus  
  87  13:33  Stalker x2  
  99  13:42  Stalker  
  82  14:12  Immortal  
  86  14:22  Immortal  
  88  14:56  Immortal  
  92  15:13  Dark Shrine  
  72  15:34  Stalker  
Tags
 
Add a new tag
Caveats
  • Supply blocks, unpowered buildings, or Contaminate may cause inaccurate times.
  • Supply counts are checked every 10 seconds.